 Dungeon Crawl Stone Soup version 0.23-a0-370-gf497b7c (webtiles) character file.

5422 Garbasso the Grappler (level 10, 0/102 HPs)
             Began as a Troll Monk on Oct 24, 2018.
             Was a Believer of Ru.
             Succumbed to a killer bee's poison
             ... on level 9 of the Dungeon.
             The game lasted 00:23:41 (7785 turns).

Garbasso the Grappler (Troll Monk)                  Turns: 7785, Time: 00:23:41

Health: 0/102      AC:  7    Str: 21      XL:     10   Next: 40%
Magic:  18/18      EV: 13    Int: 13      God:    Ru [**....]
Gold:   311        SH:  0    Dex: 11 (13) Spells: 7/9 levels left

rFire    . . .     SeeInvis .     - Unarmed
rCold    . . .     Gourm    +   (no shield)
rNeg     . . .     Faith    .   v - +2 robe {MR+}
rPois    .         Spirit   .   (helmet restricted)
rElec    .         Reflect  .   (no cloak)
rCorr    .         Harm     .   (gloves unavailable)
MR       +....                  (boots unavailable)
Stlth    +.........             l - amulet of magic regeneration
HPRegen  0.67/turn              F - +5 ring of intelligence
MPRegen  0.41/turn              H - ring of magical power

@: lethally poisoned (0 -> 0), no potions
A: large, unfitting armour, claws 3, fast metabolism 3, gourmand, regeneration
1, shaggy fur 1, tough skin 2, inability to drink while threatened, no earth
magic, no summoning magic, no transmutations magic
a: Renounce Religion


You were on level 9 of the Dungeon.
You worshipped Ru.
Ru was pleased with you.
You were full.

You visited 2 branches of the dungeon, and saw 10 of its levels.

You collected 423 gold pieces.
You spent 112 gold pieces at shops.

Inventory:

Missiles
 g - 170 stones
 x - 2 steel tomahawks
 A - 9 tomahawks (quivered)
Armour
 v - a +2 robe of magic resistance (worn)
Jewellery
 l - an amulet of magic regeneration (around neck)
 s - an uncursed ring of resist corrosion
 F - a +5 ring of intelligence (left claw)
 H - a ring of magical power (right claw)
Wands
 h - a wand of iceblast (4)
 G - a wand of digging (7)
Scrolls
 d - 9 scrolls of remove curse
 e - a scroll of immolation {unknown}
 i - a scroll of blinking {unknown}
 k - a scroll of amnesia {unknown}
 m - 5 scrolls of noise {unknown}
 n - a scroll of enchant weapon {unknown}
 o - 4 scrolls of teleportation
 r - a scroll of enchant armour {unknown}
 t - 3 scrolls of fog
 y - 4 scrolls of identify
 B - 2 scrolls of torment {unknown}
 D - a scroll of brand weapon {unknown}
 J - a scroll of random uselessness {unknown}
Potions
 a - a potion of lignification
 c - 3 potions of curing
 f - 2 potions of heal wounds
 j - 2 potions of haste
 p - 3 potions of brilliance
 q - a potion of ambrosia
 u - 2 potions of flight
 C - a potion of degeneration {unknown}
 I - a potion of agility {unknown}
Comestibles
 b - 14 rations


   Skills:
 + Level 7.0 Fighting
 + Level 7.0 Dodging
 - Level 1.0 Stealth
 * Level 11.3 Unarmed Combat


You had 7 spell levels left.
You knew the following spells:

 Your Spells              Type           Power        Failure   Level  Hunger
a - Confusing Touch       Hex            #.....       30%         1    ##.....
b - Animate Skeleton      Necr           N/A          30%         1    ##.....

Your spell library contained the following spells:

 Spells                   Type           Power        Failure   Level  Hunger
 Apportation              Tloc           #.....       30%         1    ##.....
 Sting                    Conj/Pois      #...         30%         1    ##.....
 Poisonous Vapours        Pois/Air       #.....       43%         2    ###....
 Mephitic Cloud           Conj/Pois/Air  #.......     67%         3    ####...
 Olgreb's Toxic Radiance  Pois           #.......     97%         4    #####..
 Venom Bolt               Conj/Pois      #.........   100%        5    ######.
 Summon Small Mammal      Summ           Unusable     N/A         1    N/A

Dungeon Overview and Level Annotations

Branches:
Dungeon (9/15)             Temple (1/1) D:4
   Lair: D:8-11         Orc: D:9-12

Altars:
Ashenzari
Cheibriados
Dithmenos
Fedhas
Hepliaklqana
Kikubaaqudgha
Makhleb
Nemelex Xobeh
Okawaru
Ru
Sif Muna
Trog
Vehumet
Xom
The Shining One

Shops:
D:4 %[=   D:7 (((?(

Annotations:
D:8 1 runed door, Garbasso's ghost, novice BaSu


Innate Abilities, Weirdness & Mutations

You are too large for most types of armour.
You have claws for hands.
Your metabolism is lightning-fast.
You like to eat raw meat.
Your natural rate of healing is unusually fast.
You are covered in fur. (AC +1)
You have very tough skin. (AC +2)
You cannot drink potions while threatened.
You cannot study or cast Earth magic.
You cannot study or cast Summoning magic.
You cannot study or cast Transmutations magic.


Message History

You barely miss the quasit.
You feel sick. The killer bee stings you.
* * * LOW HITPOINT WARNING * * *
The killer bee stings you but does no damage.
The quasit barely misses you. The quasit closely misses you. x2
The porcupine bites you!
* * * LOW HITPOINT WARNING * * *
* * * LOW HITPOINT WARNING * * *
You feel sick.
The porcupine twitches its whiskers.
The killer bee stings you but does no damage.
* * * LOW HITPOINT WARNING * * *
You feel sick.
You redirect the killer bee's attack!
The killer bee misses itself.
* * * LOW HITPOINT WARNING * * *
You feel sick. The killer bee closely misses you.
* * * LOW HITPOINT WARNING * * *
You feel sick.
The killer bee stings you but does no damage.
You die...

#. #. #.## #...
#..######
######.......##..
.........@.......
...........#.##..
########y##.#
#......5r# .#
#........# .#
#....†...# .#
#÷...†...# .#
#........# .#
##..........


You could see a porcupine, a killer bee and a quasit.

Vanquished Creatures
  A harpy (shapeshifter) (D:8)
  Pikel (D:4)
  Prince Ribbit (D:8)
  A hornet (D:9)
  A hippogriff (D:8)
  Sigmund (D:3)
  A porcupine (D:9)
  A black bear (D:9)
  2 ice beasts (D:5)
  5 orc warriors
  2 ogres
  A phantom (D:6)
  3 centaurs
  A big kobold (D:8)
  2 bullfrogs
  A scorpion (D:7)
  8 killer bees
  4 wights
  2 howler monkeys
  A crimson imp (D:8)
  A centaur zombie (D:5)
  A bullfrog zombie (D:8)
  A hound (D:7)
  A quasit (D:6)
  A bullfrog skeleton (D:4)
  A gnoll shaman (D:7)
  2 orc priests (D:4)
  10 orc wizards
  3 iguanas
  6 worker ants
  A killer bee zombie (D:6)
  2 hound zombies
  A mummy (D:5)
  4 gnolls (D:7)
  8 adders
  5 shadow imps
  An ooze (D:3)
  2 adder skeletons
  An adder zombie (D:5)
  4 worms
  5 dart slugs
  7 leopard geckos
  36 orcs
  10 bats
  5 giant cockroaches
  5 goblins
  4 hobgoblins
  9 jackals (D:6)
  12 kobolds
  6 quokkas
  A ball python (D:3)
  2 frilled lizards
  3 hobgoblin zombies (D:5)
  A leopard gecko zombie (D:7)
  An orc zombie (D:5)
  A quokka skeleton (D:8)
  A quokka zombie (D:5)
  11 rats
216 creatures vanquished.

Vanquished Creatures (collateral kills)
  2 kobolds (D:8)
2 creatures vanquished.

Vanquished Creatures (others)
  A centaur warrior (D:8)
  A frilled lizard (D:4)
  4 fungi
  8 plants
14 creatures vanquished.

Grand Total: 232 creatures vanquished

Notes
Turn   | Place    | Note
-------+----------+-------------------------------------------
     0 | D:1      | Garbasso the Troll Monk began the quest for the Orb.
     0 | D:1      | Reached XP level 1. HP: 22/22 MP: 0/0
    45 | D:1      | Reached XP level 2. HP: 29/29 MP: 1/1
   570 | D:2      | Reached XP level 3. HP: 36/36 MP: 2/2
   825 | D:2      | Reached skill level 4 in Unarmed Combat
   900 | D:2      | Reached XP level 4. HP: 39/44 MP: 3/3
  1032 | D:2      | Found a faded altar of an unknown god.
  1259 | D:3      | Noticed Sigmund
  1715 | D:3      | Killed Sigmund
  1715 | D:3      | Reached skill level 5 in Unarmed Combat
  1715 | D:3      | Reached XP level 5. HP: 47/53 MP: 4/4
  1715 | D:3      | Reached XP level 6. HP: 54/61 MP: 5/5
  2182 | D:4      | Noticed an orc warrior
  2195 | D:4      | Killed an orc warrior
  2299 | D:4      | Reached skill level 6 in Unarmed Combat
  2353 | D:4      | Reached XP level 7. HP: 68/68 MP: 6/6
  2369 | D:4      | Found Niajuz's Armour Shop.
  2438 | D:4      | Found a shadowy altar of Dithmenos.
  2690 | D:4      | Found Soushups's Jewellery Shoppe.
  2848 | D:4      | Noticed Pikel
  2868 | D:4      | Killed Pikel
  2868 | D:4      | Reached skill level 7 in Unarmed Combat
  2868 | D:4      | Reached XP level 8. HP: 58/79 MP: 7/7
  2903 | D:4      | Learned a level 1 spell: Confusing Touch
  2905 | D:4      | Learned a level 1 spell: Animate Skeleton
  2983 | D:4      | Found Okentamp's Food Shoppe.
  3404 | D:4      | Found a staircase to the Ecumenical Temple.
  3410 | Temple   | Entered the Ecumenical Temple
  3426 | Temple   | Became a worshipper of Ru the Awakened
  3438 | D:4      | Gained mutation: You cannot study or cast Earth magic. [Ru
                  | sacrifice]
  3438 | D:4      | Gained mutation: You cannot study or cast Transmutations
                  | magic. [Ru sacrifice]
  3438 | D:4      | Gained mutation: You cannot study or cast Summoning magic.
                  | [Ru sacrifice]
  3438 | D:4      | Reached * piety under Ru
  3498 | D:5      | Entered Level 5 of the Dungeon
  3564 | D:5      | Found an iron altar of Okawaru.
  3867 | D:5      | You fall through a shaft for 3 floors!
  3878 | D:8      | Found a glowing golden altar of the Shining One.
  3878 | D:8      | Found a shimmering altar of Xom.
  3879 | D:8      | Found a burning altar of Makhleb.
  3907 | D:8      | Reached skill level 5 in Dodging
  3907 | D:8      | Reached skill level 8 in Unarmed Combat
  3916 | D:8      | Found a shattered altar of Ashenzari.
  3983 | D:8      | Reached skill level 5 in Fighting
  4084 | D:8      | Noticed a centaur warrior
  4097 | D:8      | Killed a centaur warrior
  4097 | D:8      | Reached skill level 9 in Unarmed Combat
  4097 | D:8      | Reached XP level 9. HP: 31/88 MP: 8/8
  4207 | D:7      | Found Rauneki's Weapon Shop.
  4411 | D:7      | Found Omiris's Antique Weapon Boutique.
  4534 | D:7      | Found Lylazxoq's Weapon Boutique.
  4591 | D:7      | Found Ucel Faaty's Magic Scroll Boutique.
  4662 | D:7      | Found a shattered altar of Ashenzari.
  4671 | D:7      | Bought a scroll of identify for 30 gold pieces
  4671 | D:7      | Bought a scroll of identify for 30 gold pieces
  4671 | D:7      | Bought a scroll of fear for 52 gold pieces
  4714 | D:7      | Found a radiant altar of Vehumet.
  4811 | D:7      | Found Ynweh's Antique Weapon Boutique.
  5192 | D:7      | Found a blossoming altar of Fedhas.
  5638 | D:6      | Reached skill level 10 in Unarmed Combat
  5651 | D:6      | Gained mutation: You cannot drink potions while threatened.
                  | [Ru sacrifice]
  5651 | D:6      | Reached ** piety under Ru
  6003 | D:6      | Found a deep blue altar of Sif Muna.
  6003 | D:6      | Found a snail-covered altar of Cheibriados.
  6448 | D:8      | Noticed a rime drake
  6454 | D:8      | Noticed a harpy
  6454 | D:8      | a rime drake changed into a harpy
  6464 | D:8      | Killed a harpy
  6464 | D:8      | Reached XP level 10. HP: 71/100 MP: 9/9
  6753 | D:8      | Found a runed door.
  6755 | D:8      | Noticed Garbasso's ghost (novice BaSu)
  6899 | D:8      | Noticed Prince Ribbit
  6917 | D:8      | Killed Prince Ribbit
  7131 | D:8      | Reached skill level 11 in Unarmed Combat
  7154 | D:8      | HP: 5/100 [poisoned by a killer bee]
  7160 | D:8      | HP: 5/100 [poisoned by a killer bee]
  7780 | D:9      | HP: 2/102 [porcupine (12)]
  7785 | D:9      | Succumbed to a killer bee's poison

Vault maps used:
D:1:      dpeg_arrival_tiny_a
D:2:      chequers_ecumenical_altar_simple_redux, minmay_ruptured
D:3:      uniq_sigmund
D:4:      nicolae_dithmenos_shadow_blocks, temple_green, serial_shops, shop,
          shop, shop_fountains, uniq_pikel
D:5:      okawaru_ov_weapons_minmay, first_ration, hangedman_decor_push,
          minmay_mini_ossuary
D:6:      gammafunk_temple_overflow_pools
D:7:      fedhas_altar_decomposition, old_standard_altar, serial_shops,
          nicolae_shop_behind_doors, shop, shop_fountains,
          nicolae_shop_waterfront, shop, nicolae_ashenzari_panopticon
D:8:      minmay_opposing_rooms, nicolae_overflow_quartered_altars,
          ebering_ghost_funeral_grove, uniq_prince_ribbit1
D:9:      kennysheep_mini, grunt_lair_entry_orc_guard_hut, hangedman_fish_farm
Temple:   chequers_temple_sunken

Skill      XL: |  1  2  3  4  5  6  7  8  9 10 |
---------------+-------------------------------+-----
Unarmed Combat | 4 5 6 7 9 10 11 | 11.3
Dodging        | 3 4 5 6 7 |  7.0
Fighting       | 3 4 5 6 7 |  7.0
Stealth        | |  1.0

Action                   |  1- 3 |  4- 6 |  7- 9 | 10-12 || total
-------------------------+-------+-------+-------+-------++-------
Melee: Unarmed           |    92 |   125 |   321 |    99 ||   637
       Punch             |     1 |     6 |    16 |     1 ||    24
Throw: Stone             |       |       |     6 |       ||     6
       Tomahawk          |       |       |     4 |     1 ||     5
 Cast: Confusing Touch   |       |       |     7 |     6 ||    13
       Animate Skeleton  |       |       |     1 |     4 ||     5
Invok: Sacrifice Arcana  |       |       |     1 |       ||     1
       Sacrifice Drink   |       |       |     1 |       ||     1
Evoke: Wand              |       |       |     1 |       ||     1
  Use: Scroll            |       |     6 |     7 |     2 ||    15
       Potion            |       |       |     1 |     2 ||     3
 Stab: Sleeping          |       |     2 |     1 |       ||     3
       Distracted        |       |       |     1 |     1 ||     2
       Confused          |       |       |       |     1 ||     1
  Eat: Chunk             |    14 |    13 |    38 |     9 ||    74
Armor: Robe              |    51 |    42 |   108 |    55 ||   256
Dodge: Dodged            |    49 |    74 |   186 |   111 ||   420

Table legend:
 A = Non-vault XP
 B = Vault XP
 C = Vault XP percentage of total XP
 D = Non-vault monster count
 E = Vault monster count
 F = Vault count percentage of total count
                 A         B        C        D         E       F
            +---------+---------+-------+---------+---------+-------
      Total |    4572 |    3175 |  41.0 |     197 |      22 |  10.0
            +---------+---------+-------+---------+---------+-------
        D:1 |      30 |       0 |   0.0 |      17 |       0 |   0.0
        D:2 |      63 |      16 |  20.3 |      23 |       3 |  11.5
        D:3 |     122 |     223 |  64.6 |      27 |       1 |   3.6
        D:4 |     602 |     607 |  50.2 |      25 |       1 |   3.8
        D:5 |     475 |      20 |   4.0 |      12 |       5 |  29.4
        D:6 |     773 |       0 |   0.0 |      27 |       0 |   0.0
        D:7 |     939 |       0 |   0.0 |      33 |       0 |   0.0
        D:8 |     835 |    2172 |  72.2 |      26 |      11 |  29.7
        D:9 |     733 |     137 |  15.7 |       7 |       1 |  12.5
            +---------+---------+-------+---------+---------+-------
